[Event "*** MasterClass Titled Tuesday Blitz"]
[Site "Chess.com"]
[Date "2017.11.07"]
[Round "8"]
[White "wonderfultime"]
[Black "Man-Chuk"]
[Result "1-0"]
[WhiteElo "2761"]
[BlackElo "2619"]
[TimeControl "180+2"]
[EndTime "15:54:51 PST"]
[Termination "wonderfultime won by resignation"]

1. d4 Nf6 2. Bf4 d5 3. e3 e6 4. Nf3 c5 5. c3 Nc6 6. Nbd2 Be7 7. Bd3 Nh5 8. Be5 O-O 9. h3 Nf6 10. Bh2 Bd6 11. Ne5 Qc7 12. f4 b6 13.
O-O Bb7 14. Qc2 Rac8 15. Rac1 c4 16. Be2 b5 17. Bf3 b4 18. Kh1 a5 19. Rce1 Ne7 20. g4 a4 21. a3 bxa3 22. bxa3 Ra8 23. Rb1 Rfb8 24. Bg2 Bxe5 25. fxe5 Ne4 26. Rb4 Nxd2 27.
Qxd2 Nc6 28. Rb5 Ra5 29. Rb2 Bc8 30. Rxb8 Qxb8 31. e4 Rb5 32. exd5 exd5 33. e6 Rb2 34. exf7+ Kf8 35. Bxb8 Rxd2 36. Bd6+ Ne7 37. Bxe7+ 1-0

[Event "*** MasterClass Titled Tuesday Blitz"]
[Site "Chess.com"]
[Date "2017.11.07"]
[Round "8"]
[White "Sam_ChessMood"]
[Black "Bryakin_Mikhail"]
[Result "0-1"]
[WhiteElo "2614"]
[BlackElo "2516"]
[TimeControl "180+2"]
[EndTime "15:54:53 PST"]
[Termination "Bryakin_Mikhail won by resignation"]

1. e4 c6 2. d4 d5 3. e5 Bf5 4. Nf3 e6 5. Be2 Nd7 6. O-O h6 7. a4 Ne7 8. a5 Bh7 9. Nbd2 Nf5 10. a6 b6 11. c3 Be7 12. Re1 O-O 13. Nf1 c5 14.
Bb5 cxd4 15. cxd4 Rc8 16. Re2 Nb8 17. Qa4 Nh4 18. Nxh4 Bxh4 19. Be3 Be7 20. h3 Rc7 21. Ng3 Qc8 22. Kh2 Nc6 23. Bd2 Qa8 24. Bc3 Qc8 25.
Rf1 Na5 26. Bxa5 bxa5 27. Qxa5 Rc2 28. Qa4 Qc7 29. Rxc2 Bxc2 30. Rc1 Bxa4 31. Rxc7 Bxb5 32. Rxe7 Ra8 33. f4 g6 34. Nh1 Bxa6 35. Nf2 Bc4 36.
Ng4 Kg7 37. Nf6 a6 38. Rb7 Bb5 39. g4 Rc8 40. b3 Rc2+ 41. Kg3 Rc3+ 42. Kh4 Bf1 0-1

[Event "*** MasterClass Titled Tuesday Blitz"]
[Site "Chess.com"]
[Date "2017.11.07"]
[Round "8"]
[White "florianschwabeneder"]
[Black "MFBerna"]
[Result "1-0"]
[WhiteElo "2428"]
[BlackElo "2305"]
[TimeControl "180+2"]
[EndTime "15:54:57 PST"]
[Termination "florianschwabeneder won by resignation"]

1. c4 e6 2. d4 d5 3. Nf3 Nf6 4. Nc3 Be7 5. Bg5 O-O 6. e3 h6 7. Bxf6 Bxf6 8. Qc2 c5 9. O-O-O Qa5 10. Kb1 Nc6 11.
cxd5 cxd4 12. Ne4 Nb4 13. Nxf6+ gxf6 14. Qb3 dxe3 15. d6 Bd7 16. Qc4 Rac8 17. Qg4+ Kh7 18. a3 Nc2 19. Bd3+ f5 20. Ng5+ hxg5 21. Qh5+ Kg7 22. Qxg5+ Kh7 23. Bxc2 Rxc2 24. Qh5+ Kg7 25. Qg5+ Kh7 26. Rd4 Qa4 27. Rh4+ Qxh4 28. Qxh4+ Kg6 29. Qg3+ 1-0

[Event "*** MasterClass Titled Tuesday Blitz"]
[Site "Chess.com"]
[Date "2017.11.07"]
[Round "8"]
[White "AkshatChandra"]
[Black "PenguinPacks"]
[Result "1-0"]
[WhiteElo "2722"]
[BlackElo "2192"]
[TimeControl "180+2"]
[EndTime "15:54:58 PST"]
[Termination "AkshatChandra won by checkmate"]

1. b3 d5 2. Bb2 c5 3. Nf3 f6 4. e3 e5 5. d3 Nc6 6. g3 Be6 7. Bg2 Qd7 8. h3 Bd6 9. Nbd2 Nge7 10.
a3 O-O 11. e4 d4 12. Nc4 Bc7 13. a4 b6 14. Kf1 a6 15. Kg1 b5 16. Ncd2 Ng6 17.
Kh2 Nce7 18. Rf1 h5 19. h4 Bg4 20. Qc1 b4 21. Nc4 f5 22. exf5 Nxf5 23. Ng5 Rae8 24. Ne4 Bd8 25. f3 Nh6 26. fxg4 Nxg4+ 27. Kg1 Rxf1+ 28.
Qxf1 Rf8 29. Qe2 Rf5 30. Bh3 Bxh4 31. Bxg4 hxg4 32. gxh4 Nxh4 33. Rf1 Nf3+ 34. Kg2 Qf7 35. Ng3 Rf4 36. Nxe5 Nxe5 37. Qxe5 Rxf1 38. Nxf1 Qf3+ 39. Kg1 Qh3 40. Qxc5 g3 41. Qxd4 g2 42. Qxg7# 1-0

[Event "*** MasterClass Titled Tuesday Blitz"]
[Site "Chess.com"]
[Date "2017.11.07"]
[Round "8"]
[White "Krasimir_Rusev"]
[Black "ZapataCharlesS"]
[Result "0-1"]
[WhiteElo "2571"]
[BlackElo "2551"]
[TimeControl "180+2"]
[EndTime "15:55:02 PST"]
[Termination "ZapataCharlesS won by resignation"]

1. d4 Nf6 2. Nf3 e6 3. Bf4 Bd6 4. Bxd6 cxd6 5. e3 O-O 6. c4 b6 7.
Nc3 Bb7 8. d5 Na6 9. Be2 exd5 10. cxd5 Nc7 11. Bc4 b5 12. Bb3 b4 13. Ne2 Bxd5 14.
Bxd5 Ncxd5 15. O-O Re8 16. Ng3 Qb6 17. Qd3 Nxe3 18.
Rfe1 Neg4 19. Nd4 Rxe1+ 20. Rxe1 Re8 21. Rd1 g6 22. h3 Ne5 23. Qb3 d5 24. Nc2 Nc6 25.
Qf3 Kg7 26. Ne3 Ne7 27. Qf4 a5 28. Qg5 Qe6 29. Rd4 h6 30. Qf4 Nc6 31. Rd1 Qe5 32. Qf3 d4 33. Ng4 Nxg4 34. hxg4 d5 35. Rc1 Re6 36.
Rc5 Qg5 37. Nf1 Ne5 38. Qxd5 Qxg4 39. Rxa5 Nd3 40. Ra7 Nf4 41. Qb7 Rf6 42. Ng3 d3 43. Qd7 Qd1+ 44. Kh2 Ne2 45. Ra8 Qg1+ 46. Kh3 Nf4+ 47.
Kg4 h5+ 48. Kg5 Ne6+ 0-1

[Event "*** MasterClass Titled Tuesday Blitz"]
[Site "Chess.com"]
[Date "2017.11.07"]
[Round "8"]
[White "Rhinos1"]
[Black "Margency"]
[Result "1-0"]
[WhiteElo "2065"]
[BlackElo "2495"]
[TimeControl "180+2"]
[EndTime "15:55:04 PST"]
[Termination "Rhinos1 won by resignation"]

1. e4 c5 2. d4 cxd4 3. c3 dxc3 4.
Nxc3 Nc6 5. Nf3 d6 6. Bc4 a6 7.
O-O Nf6 8. h3 e6 9. Qe2 b5 10.
Bb3 Bb7 11. Rd1 Qb8 12. Bf4 Ne5 13. Bxe5 dxe5 14. a3 Be7 15. Rac1 O-O 16. Qe3 h6 17. g4 Qa7 18. Qe2 b4 19. axb4 Bxb4 20. Nxe5 Bxc3 21. Rxc3 Bxe4 22. Rg3 Rfd8 23. Re1 Rab8 24. h4 Bd5 25. Bxd5 Nxd5 26. g5 hxg5 27. hxg5 Qb7 28. g6 fxg6 29.
Nxg6 Re8 30. Qh5 Nf6 31. Qh8+ Kf7 32. Ne5+ Ke7 33. Qxg7+ Kd8 34. Qxf6+ Kc7 35. Rg7+ Kb6 36. Rxb7+ Kxb7 37. Qf7+ 1-0

[Event "*** MasterClass Titled Tuesday Blitz"]
[Site "Chess.com"]
[Date "2017.11.07"]
[Round "8"]
[White "wanyaland"]
[Black "tango_argentino"]
[Result "0-1"]
[WhiteElo "2268"]
[BlackElo "2509"]
[TimeControl "180+2"]
[EndTime "15:55:05 PST"]
[Termination "tango_argentino won by resignation"]

1. Nf3 Nf6 2. g3 g6 3. d4 Bg7 4. c4 O-O 5. Bg2 d6 6. O-O Nc6 7. Nc3 e5 8. d5 Nb8 9. e4 a5 10. h3 Na6 11. Re1 Nd7 12. b3 Ndc5 13. Bd2 f5 14. Ng5 f4 15. gxf4 exf4 16. Nf3 Nd3 17. Rf1 Nac5 18. Qc2 Ne5 19. Nxe5 Bxe5 20. f3 Bd4+ 21. Kh1 Bxh3 22. Be1 Bd7 23. Rd1 Be3 24. Bf2 Qg5 25. Qe2 Bxf2 26. Qxf2 h5 27. Rg1 Qe5 28.
Ne2 g5 29. Nd4 Kf7 30. Bf1 Qf6 31. Qh2 g4 32. e5 dxe5 33. Nb5 Bxb5 34. cxb5 g3 35. Qh3 Ke7 36. Rc1 b6 37. Be2 Qf5 38. Qh4+ Kd6 39. Kg2 e4 40. fxe4 f3+ 0-1

[Event "*** MasterClass Titled Tuesday Blitz"]
[Site "Chess.com"]
[Date "2017.11.07"]
[Round "8"]
[White "AttilaTurzo"]
[Black "lukas_111111"]
[Result "0-1"]
[WhiteElo "2371"]
[BlackElo "2372"]
[TimeControl "180+2"]
[EndTime "15:55:08 PST"]
[Termination "lukas_111111 won on time"]

1. d4 Nf6 2. Bf4 e6 3. e3 d5 4. Nf3 Bd6 5. Bg3 O-O 6. c3 c5 7. Nbd2 Nc6 8. Bd3 b6 9. Qe2 Bb7 10. Rd1 c4 11. Bc2 b5 12. e4 Be7 13. O-O b4 14. Ne5 bxc3 15. bxc3 Qa5 16. exd5 Nxd5 17. Ndxc4 Qxc3 18. Nxc6 Bxc6 19. Ne5 Bb7 20. Bb1 g6 21. h4 a5 22. Rc1 Qxd4 23. Rfd1 Qb4 24. Qd3 Nf4 25.
Qe3 Nxg2 26. Qh6 Nxh4 27. Rc4 Nf3+ 28. Nxf3 Qxc4 29. Be5 Qg4+ 30. Kf1 f6 31. Rd7 Ba6+ 32. Ke1 Qxf3 0-1

[Event "*** MasterClass Titled Tuesday Blitz"]
[Site "Chess.com"]
[Date "2017.11.07"]
[Round "8"]
[White "pastouche06"]
[Black "Angry_Serb"]
[Result "1-0"]
[WhiteElo "2362"]
[BlackElo "2421"]
[TimeControl "180+2"]
[EndTime "15:55:09 PST"]
[Termination "pastouche06 won by checkmate"]

1. e4 e5 2. f4 c6 3. Nc3 d5 4. exd5 exf4 5. Nf3 cxd5 6. d4 Nc6 7.
Bxf4 Nf6 8. Ne5 Bb4 9. Bb5 O-O 10. O-O Qb6 11. Nxc6 bxc6 12. Be2 Ba6 13. Kh1 Bxc3 14.
bxc3 Bxe2 15. Qxe2 Ne4 16. Rf3 Rae8 17. Qd3 Re6 18.
Raf1 Qa5 19. c4 Qxa2 20. cxd5 cxd5 21. Qa3 Qxc2 22. Qxa7 Nf2+ 23. Kg1 Nd3 24. Bd6 Re2 25. Rxf7 Rxg2+ 26. Kh1 Nf2+ 27. Kxg2 Ng4+ 28. Kg1 Nf6 29. Rxg7+ Kh8 30. Rxh7+ Nxh7 31. Rxf8+ Nxf8 32. Be5+ Kg8 33. Qg7# 1-0

[Event "*** MasterClass Titled Tuesday Blitz"]
[Site "Chess.com"]
[Date "2017.11.07"]
[Round "8"]
[White "Squirlolz"]
[Black "GMHess"]
[Result "1-0"]
[WhiteElo "2455"]
[BlackElo "2570"]
[TimeControl "180+2"]
[EndTime "15:55:10 PST"]
[Termination "Squirlolz won by resignation"]

1. e4 d6 2. d4 Nf6 3. Nc3 c6 4. Nf3 Bg4 5. h3 Bh5 6. g4 Bg6 7. Qe2 Qc7 8. h4 h5 9. g5 Nfd7 10. Bh3 e5 11. Be3 b5 12. O-O-O Nb6 13. dxe5 dxe5 14.
Nxb5 cxb5 15. Qxb5+ N6d7 16. Qa4 Be7 17. Rd2 O-O 18.
Bxd7 Qb7 19. Nxe5 Bxe4 20. Re1 Bd5 21. Qb5 Rd8 22. Qxb7 Bxb7 23. g6 fxg6 24. Nxg6 Rxd7 25. Rxd7 Nxd7 26. Nxe7+ Kh7 27. Nf5 Nf6 28. Bd4 Ng4 29. Re7 Rf8 30. Rxg7+ Kh8 31. Rxb7+ Kg8 32. Rg7+ Kh8 33.
Rxg4+ 1-0

[Event "*** MasterClass Titled Tuesday Blitz"]
[Site "Chess.com"]
[Date "2017.11.07"]
[Round "8"]
[White "AllStarShark"]
[Black "FearNoEvil12"]
[Result "0-1"]
[WhiteElo "2247"]
[BlackElo "2026"]
[TimeControl "180+2"]
[EndTime "15:55:11 PST"]
[Termination "FearNoEvil12 won by checkmate"]

1. d4 b5 2. e4 a6 3. Bd3 Bb7 4. c3 e6 5. f4 Nf6 6. Qe2 c5 7. Nf3 Qb6 8. O-O Nc6 9. d5 Ne7 10. d6 Nc6 11. e5 Nd5 12. Be4 Nd8 13. Nbd2 f6 14. c4 Nb4 15. a3 Nbc6 16. Nd4 Nxd4 17. Qh5+ Nf7 18. f5 Bxe4 19. Nxe4 exf5 20. exf6 g6 21.
Qd1 fxe4 22. Be3 Bxd6 23. b4 O-O 24. Bxd4 cxd4 25. c5 Bxc5 26. bxc5 Qxc5 27. Rc1 Qe5 28. a4 d5 29. axb5 axb5 30. Qb3 d3 31. Qxb5 Rad8 32. Rcd1 Qd4+ 33. Kh1 e3 34. Rxd3 Qe4 35. Re1 d4 36.
Qb1 Rfe8 37. Qd1 Qe5 38. h3 Qxf6 39. Qe2 Qe5 40. Rf1 Re7 41. Rb3 Qe4 42. Rb6 d3 43.
Qa2 e2 44. Rg1 e1=Q 45. Rb1 Q1e3 46. Rbf1 d2 47. Kh2 Qe5+ 48. Kh1 Q3g3 49. Rxf7 Qh2# 0-1

[Event "*** MasterClass Titled Tuesday Blitz"]
[Site "Chess.com"]
[Date "2017.11.07"]
[Round "8"]
[White "Ar4uha"]
[Black "Giorno"]
[Result "1/2-1/2"]
[WhiteElo "2424"]
[BlackElo "2342"]
[TimeControl "180+2"]
[EndTime "15:55:20 PST"]
[Termination "Game drawn by repetition"]

1. e4 c5 2. Nf3 d6 3. Bb5+ Bd7 4. Bxd7+ Qxd7 5. O-O Nf6 6. e5 dxe5 7. Nxe5 Qc8 8. Qf3 e6 9. Nc3 Be7 10. d3 O-O 11. Bg5 Nbd7 12. Nc4 h6 13. Bf4 Nb6 14. Nd6 Bxd6 15.
Bxd6 Re8 16. Ne4 Nxe4 17. dxe4 e5 18. Rfd1 Re6 19. Qc3 Nd7 20. Rd5 b6 21. Bxe5 f6 22.
Bg3 Rxe4 23. Rad1 Nf8 24. Qf3 Qe6 25. h3 Re8 26. Rd6 Qxa2 27. Qc3 Qf7 28. b3 h5 29. h4 R4e6 30. Rd8 Rxd8 31. Rxd8 Re8 32. Qd3 Rxd8 33. Qxd8 Qd7 34. Qb8 Kf7 35. Qa8 Ne6 36. Qf3 g6 37.
Be5 Qe7 38. g3 Kg7 39. Bc3 Nd4 40. Bxd4 cxd4 41. Qd5 Qe5 42. Qb7+ Kh6 43. Qxa7 Qe1+ 44. Kg2 Qe4+ 45. Kg1 Qe1+ 46. Kg2 Qe4+ 47. Kh2 Qxc2 48.
Qxb6 Qxf2+ 49. Kh3 Qf1+ 50. Kh2 Qe2+ 51. Kh3 Qg4+ 52. Kh2 Qe2+ 53. Kh3 Qf1+ 54. Kh2 d3 55. Qd8 Qf2+ 56. Kh3 Qf5+ 57. Kh2 Kg7 58. Qe7+ Kg8 59. Qe8+ Kg7 60. Qe7+ Kg8 61. Qe8+ Kg7 62. Qe7+ Kg8 63. b4 Qf2+ 64. Kh3 Qf5+ 65. Kg2 Qd5+ 66. Kf2 d2 67.
Qe8+ Kg7 68. Qe7+ Kg8 69. Qe8+ Kg7 70. Qe7+ Kg8 71. Qe8+ Kg7 72. Qe7+ Kg8 73. Qe8+ Kg7 74. Qe7+ Kg8 1/2-1/2

[Event "*** MasterClass Titled Tuesday Blitz"]
[Site "Chess.com"]
[Date "2017.11.07"]
[Round "8"]
[White "thegreendog"]
[Black "northridgehawk"]
[Result "1-0"]
[WhiteElo "2341"]
[BlackElo "1942"]
[TimeControl "180+2"]
[EndTime "15:55:24 PST"]
[Termination "thegreendog won by resignation"]

1. d4 f5 2. Nc3 Nf6 3. Bg5 d5 4. Nf3 e6 5. Ne5 Nbd7 6. g3 Bd6 7. Nd3 c5 8. Nb5 Qa5+ 9. Nc3 cxd4 10. a3 dxc3 11.
b4 Qc7 12. Bg2 O-O 13. O-O b5 14. Nc1 Bb7 15. Nb3 a6 16. Qd3 Ne5 17. Qe3 Rae8 18. h3 Nc4 19. Qc1 e5 20. Rd1 Ne4 21. Be3 f4 22.
gxf4 exf4 23. Bd4 Ng5 24. Bxc3 f3 25. Qxg5 fxg2 26. Nd4 Re4 27. Nf5 Bh2+ 28. Kxg2 d4 29. f3 Rxe2+ 30. Kf1 Rxf5 31. Qxf5 Qe7 32. Bxd4 Ne3+ 33.
Bxe3 Rxe3 34. Rd3 Rxd3 35. cxd3 Qd6 36. Re1 h6 37. Re8+ 1-0

[Event "*** MasterClass Titled Tuesday Blitz"]
[Site "Chess.com"]
[Date "2017.11.07"]
[Round "8"]
[White "GMKrikor"]
[Black "Aygehovit1992"]
[Result "1-0"]
[WhiteElo "2608"]
[BlackElo "2522"]
[TimeControl "180+2"]
[EndTime "15:55:25 PST"]
[Termination "GMKrikor won by resignation"]

1. e4 e5 2. Nf3 Nc6 3. Bc4 Bc5 4. O-O Nf6 5. d3 O-O 6. Re1 Ng4 7. Re2 Nd4 8. Nxd4 Bxd4 9. h3 Nf6 10. c3 Bb6 11. Nd2 c6 12. Bb3 d5 13. exd5 Nxd5 14. Nf3 Re8 15. Nxe5 Qf6 16. d4 Bf5 17. Re1 Rad8 18.
Qf3 Be6 19. Bd2 c5 20. dxc5 Bxc5 21. Qxf6 Nxf6 22. Nf3 Bxb3 23. axb3 Ne4 24. Be3 a6 25. b4 Bxe3 26. Rxe3 f5 27. Rae1 Rf8 28. Nd4 Rf6 29.
Nxf5 Nxf2 30. Nd4 Rdf8 31. Kh2 h5 32. Nf3 g6 33. Kg3 g5 34. Kxf2 g4 35. hxg4 hxg4 36.
Rd1 gxf3 37. Rxf3 Rxf3+ 38. gxf3 Rf7 39. Rd6 Kf8 40. Rb6 Ke8 41. Ke3 Kd8 42. f4 Kc7 43. Rh6 Rh7 44. Rxh7+ 1-0

[Event "*** MasterClass Titled Tuesday Blitz"]
[Site "Chess.com"]
[Date "2017.11.07"]
[Round "8"]
[White "Shivagami"]
[Black "Rodalquilar"]
[Result "0-1"]
[WhiteElo "2063"]
[BlackElo "2496"]
[TimeControl "180+2"]
[EndTime "15:55:26 PST"]
[Termination "Rodalquilar won by resignation"]

1. d4 Nf6 2. Bf4 d5 3. e3 e6 4. Nd2 c5 5. c3 Nc6 6. Ngf3 cxd4 7.
exd4 Nh5 8. Bg5 f6 9. Ne5 g6 10. Nxc6 bxc6 11. Bh4 Be7 12. Be2 Ng7 13. Nb3 Nf5 14.
Bg3 h5 15. Bf4 a5 16. Bd3 Ba6 17. Bxa6 Rxa6 18. Qe2 Qc8 19. O-O-O a4 20. Nc5 Bxc5 21. dxc5 e5 22. Rhe1 Kf7 23. Bd2 Ra5 24. f4 e4 25. Be3 Qa6 26. Bd4 Qxe2 27. Rxe2 Rb8 28. h3 h4 29. Kc2 Rab5 30. Kc1 Ke6 31. Rde1 Ng3 32. Re3 Kf5 33. c4 Rb4 34. Rc3 Rxb2 35. Rxg3 Rb1+ 36. Kd2 hxg3 37. Re3 a3 38. Rxa3 Kxf4 39.
Bxf6 Rg1 40. Bd4 Rxg2+ 41. Kc3 Rf2 42. Rb3 Rf3+ 43. Kc2 Rbxb3 44. axb3 dxc4 45. bxc4 e3 46. Kd3 g2 0-1

[Event "*** MasterClass Titled Tuesday Blitz"]
[Site "Chess.com"]
[Date "2017.11.07"]
[Round "8"]
[White "Tobi-Wan-Kenobi"]
[Black "Hikaru"]
[Result "1-0"]
[WhiteElo "2509"]
[BlackElo "2971"]
[TimeControl "180+2"]
[EndTime "15:55:47 PST"]
[Termination "Tobi-Wan-Kenobi won by checkmate"]

1. d4 Nf6 2. c4 e6 3. Nf3 d5 4. Nc3 Be7 5. Bg5 h6 6. Bxf6 Bxf6 7. e3 O-O 8. Rc1 dxc4 9. Bxc4 c5 10. Ne4 cxd4 11. Nxf6+ Qxf6 12. Qxd4 Qe7 13. O-O Rd8 14. Qc3 Bd7 15. Rfd1 Rc8 16. Qd2 Bc6 17. Ne5 Bxg2 18. Bxe6 Rf8 19. Bxf7+ Rxf7 20. Qd8+ Kh7 21. Nxf7 Qxf7 22.
Kxg2 Qg6+ 23. Kf1 Qa6+ 24. Qd3+ Qxd3+ 25. Rxd3 Nc6 26. Rd7 Rb8 27. b3 Kg6 28. Ke2 Kf6 29. Rg1 g5 30. Rd6+ Kf5 31. Rxh6 Rc8 32. Rh5 Nb4 33. Rhxg5+ Kf6 34. Rg6+ Kf7 35. Rg7+ Kf6 36. R1g6+ Kf5 37. Kf3 Nd3 38. Rg5+ Kf6 39. R5g6+ Kf5 40. e4+ Ke5 41. Re7+ Kd4 42. Rd6+ Kc3 43. Ke3 Nb4 44.
Rxb7 Nc2+ 45. Kf4 Rf8+ 46. Kg3 Rg8+ 47. Kf3 Rf8+ 48. Ke2 Nd4+ 49. Rxd4 Kxd4 50. Rb4+ Ke5 51. Ke3 Rh8 52. Rb5+ Kd6 53. Ra5 Rh3+ 54. f3 Rxh2 55. Rxa7 Kc5 56. Ra5+ Kb4 57. Ra4+ Kc5 58. Kf4 Kd6 59. e5+ Ke6 60. Ra6+ Ke7 61. Kf5 Rh5+ 62. Ke4 Rh2 63. f4 Rh1 64. Kf5 Rh5+ 65. Ke4 Rh1 66. b4 Ra1 67. Kf5 Rb1 68. Ra7+ Ke8 69. Kf6 Kf8 70. Ra8# 1-0

[Event "*** MasterClass Titled Tuesday Blitz"]
[Site "Chess.com"]
[Date "2017.11.07"]
[Round "8"]
[White "severomorskij"]
[Black "Dr-Bassem"]
[Result "0-1"]
[WhiteElo "2638"]
[BlackElo "2615"]
[TimeControl "180+2"]
[EndTime "15:55:47 PST"]
[Termination "Dr-Bassem won on time"]

1. d4 Nf6 2. c4 g6 3. Nc3 Bg7 4. e4 d6 5. Bd3 O-O 6. Nge2 e5 7. d5 a5 8. O-O Na6 9. h3 Nc5 10. Bc2 Ne8 11. Be3 f5 12. exf5 gxf5 13. f4 e4 14. Rb1 Bd7 15. b3 h5 16. a3 h4 17.
b4 axb4 18. axb4 Na6 19. Nd4 Qf6 20. Ba4 Bxa4 21. Nxa4 Rf7 22. Ne6 Qg6 23. b5 Nb8 24.
b6 c5 25. Rf2 Na6 26. Bd2 Bd4 27. Nxd4 cxd4 28. Be1 d3 29. Bc3 Rc8 30. Nb2 Nc5 31.
Qd2 Qg3 32. Re1 Nf6 33. Re3 Qg6 34. Kh2 Nb3 35. Qd1 Nxd5 36. cxd5 Rxc3 37. Na4 Rc1 38. Qxb3 Rg7 0-1

[Event "*** MasterClass Titled Tuesday Blitz"]
[Site "Chess.com"]
[Date "2017.11.07"]
[Round "8"]
[White "Bad4life"]
[Black "TheMagician"]
[Result "1-0"]
[WhiteElo "2371"]
[BlackElo "2239"]
[TimeControl "180+2"]
[EndTime "15:55:48 PST"]
[Termination "Bad4life won on time"]

1. e4 e6 2. d4 d5 3. Nd2 dxe4 4. Nxe4 Nd7 5. Nf3 Ngf6 6. Bd3 Nxe4 7. Bxe4 Nf6 8. Bd3 c5 9. c3 Bd7 10. O-O a6 11. a4 Rc8 12. Ne5 cxd4 13. cxd4 Be7 14. Qb3 Bc6 15. Nxc6 Rxc6 16. Qxb7 Rb6 17. Qf3 a5 18.
Bb5+ Nd7 19. Bf4 O-O 20. Rac1 Bd6 21. Be3 Nf6 22. Bg5 Bb4 23. Rc4 Rd6 24. Rd1 Rd5 25.
Bf4 Qe7 26. Be5 Rfd8 27. Rc7 Qf8 28. Bxf6 gxf6 29. Qxf6 Bd6 30. Rc3 Qg7 31. Qxd8+ Bf8 32. Qh4 Bd6 33. Rc8+ Bf8 34. Bd3 h5 35. Qe4 Rg5 36.
g3 Rg4 37. Qa8 h4 38. Bf1 hxg3 39. hxg3 Rg5 40. Bg2 1-0

[Event "*** MasterClass Titled Tuesday Blitz"]
[Site "Chess.com"]
[Date "2017.11.07"]
[Round "8"]
[White "chessking2151"]
[Black "ChristopherYoo"]
[Result "1-0"]
[WhiteElo "2381"]
[BlackElo "2263"]
[TimeControl "180+2"]
[EndTime "15:55:51 PST"]
[Termination "chessking2151 won by checkmate"]

1. e4 c5 2. Nf3 d6 3. d4 cxd4 4.
Nxd4 Nf6 5. Nc3 a6 6. h3 e6 7.
g4 Be7 8. Bg2 Nfd7 9. Be3 Qc7 10.
Qe2 Nc6 11. O-O-O O-O 12. f4 Nxd4 13. Bxd4 b5 14. e5 Rb8 15. exd6 Bxd6 16. f5 Nb6 17. f6 g6 18. Kb1 Nc4 19. Ne4 Be5 20. c3 Bb7 21. b3 Bxd4 22. cxd4 Na3+ 23. Kb2 Bxe4 24.
Bxe4 b4 25. Rc1 Qf4 26. Rhf1 Qd6 27. Qd2 Rfd8 28. Rcd1 Nb5 29. Qh6 Qf8 30. Qxf8+ Kxf8 31. d5 Nc3 32. Rd4 Nxe4 33. Rxe4 Rxd5 34. Rc1 Rd2+ 35. Kb1 Rd3 36. Rec4 Re8 37. h4 a5 38. g5 Rd5 39.
Rc7 e5 40. Rb7 e4 41. Rcc7 Rd6 42. Rxf7+ Kg8 43. Rg7+ Kh8 44. Rxh7+ Kg8 45. Rbg7+ Kf8 46. Rh8# 1-0

[Event "*** MasterClass Titled Tuesday Blitz"]
[Site "Chess.com"]
[Date "2017.11.07"]
[Round "8"]
[White "Divertissement"]
[Black "Grebeniuk-S"]
[Result "0-1"]
[WhiteElo "2405"]
[BlackElo "2437"]
[TimeControl "180+2"]
[EndTime "15:55:52 PST"]
[Termination "Grebeniuk-S won by resignation"]

1. e4 d5 2. exd5 Qxd5 3. Nc3 Qa5 4. g3 Nf6 5. Bg2 c6 6. Nf3 Bg4 7. O-O Nbd7 8. Qe1 Qh5 9. Qe3 e6 10. d4 Bb4 11. Ne5 Bh3 12. Bf3 Qf5 13. Nd3 Bxc3 14. bxc3 Bxf1 15. Kxf1 Nd5 16. Bxd5 Qxd5 17. Ke2 Qh5+ 18.
Qf3 Qxf3+ 19. Kxf3 O-O-O 20. a4 h6 21. h4 Rhe8 22.
Bf4 f6 23. Re1 Nb6 24. a5 Nd5 25. Bd2 Nc7 26. Bf4 Rd5 27. Nc5 e5 28. Be3 Ne6 29.
Ne4 f5 30. Nd2 exd4 31. cxd4 Nxd4+ 32. Kg2 Nxc2 33. Re2 Nxe3+ 34. fxe3 Rxa5 35. Nc4 Rd5 36. Ra2 Kb8 37. Rb2 b6 38. Rc2 Kc7 39. Ra2 a5 40. h5 Re4 41. Nd2 Rxe3 42. Nf3 Rdd3 43. Nh4 Rxg3+ 44.
Kf2 Rh3 45. Ng2 Rxh5 46. Re2 Rh2 47. Re7+ Rd7 48. Re2 Rxg2+ 49. Kxg2 b5 50. Kf3 Kb6 51. Kf4 Rd5 52. Ra2 g5+ 53. Ke3 h5 54. Ke2 h4 55.
Kf3 a4 0-1

[Event "*** MasterClass Titled Tuesday Blitz"]
[Site "Chess.com"]
[Date "2017.11.07"]
[Round "8"]
[White "twitchTriniCupid"]
[Black "PrinceMurad09"]
[Result "0-1"]
[WhiteElo "2078"]
[BlackElo "2243"]
[TimeControl "180+2"]
[EndTime "15:55:52 PST"]
[Termination "PrinceMurad09 won by resignation"]

1. d4 Nf6 2. c4 c5 3. d5 b5 4.
Nd2 a6 5. e4 d6 6. cxb5 Nbd7 7.
Ngf3 g6 8. Bd3 Bg7 9. O-O O-O 10. a4 axb5 11. Bxb5 Ba6 12. Bxa6 Rxa6 13. Qe2 Qa8 14. Nc4 Rxa4 15. Rxa4 Qxa4 16. Rd1 Qb5 17. Qc2 Rb8 18. e5 Ne8 19. exd6 exd6 20. Bf4 Nb6 21. Nxd6 Nxd6 22. Bxd6 Rc8 23. Be7 Qxb2 24. Qxb2 Bxb2 25. d6 Nd7 26. Rd2 Bg7 27. Kf1 c4 28. Ke2 c3 29.
Rc2 Rc6 30. Nd2 f5 31. Nf3 h6 32. h4 Kf7 33. Ne1 Nb6 34. Nd3 Nd5 35. f4 Nxe7 36. dxe7 Kxe7 37. Ke3 Bf6 38. g3 Rc4 39. Nc1 Re4+ 40.
Kd3 Re6 41. Ne2 Rd6+ 42. Kc4 Rc6+ 43. Kd5 Kd7 44. Nc1 Rd6+ 45. Kc4 Rd2 46. Kb3 Rd1 47. Na2 Rd3 48. Nb4 Rxg3 49. Nd5 Ke6 50. Nxc3 Re3 51. Kc4 Bxc3 52. Rxc3 Re4+ 53. Kc5 Rxf4 54. Rd3 Rxh4 55.
Rd6+ Ke5 56. Rxg6 f4 57. Rg8 f3 58. Re8+ Kf5 59. Rf8+ Ke4 60. Kc4 Rf4 61. Re8+ Kf5+ 62. Kd3 f2 0-1

[Event "*** MasterClass Titled Tuesday Blitz"]
[Site "Chess.com"]
[Date "2017.11.07"]
[Round "8"]
[White "GeorgMeier"]
[Black "Tarlev_Konstantin"]
[Result "1-0"]
[WhiteElo "2687"]
[BlackElo "2625"]
[TimeControl "180+2"]
[EndTime "15:55:53 PST"]
[Termination "GeorgMeier won by resignation"]

1. d4 Nf6 2. Nf3 e6 3. g3 b5 4.
Bg2 Bb7 5. O-O Be7 6. Qd3 a6 7. a4 Be4 8. Qd1 O-O 9. Nc3 b4 10.
Nxe4 Nxe4 11. Nd2 Nxd2 12. Bxd2 d5 13. a5 Nd7 14. c4 bxc3 15. bxc3 c5 16. e4 dxe4 17.
Bxe4 Ra7 18. Qe2 cxd4 19. cxd4 Nf6 20. Bd3 Qa8 21. Rfc1 Rd8 22. Rab1 Nd5 23. Be4 g6 24. Qc4 Bf6 25. h4 h5 26. Bf3 Rb7 27. Kg2 Rxb1 28. Rxb1 Rc8 29. Qd3 Qc6 30. Be4 Kg7 31. Rb6 Qc4 32.
Rxa6 Qxd4 33. Rd6 Qe5 34. Rd7 Rc7 35. Rxc7 Nxc7 36. Bb7 Qd4 37. Qxd4 Bxd4 38. a6 Kf6 39. Ba5 Nb5 40. Bc6 Na7 41. Bd8+ Ke5 42. Be8 g5 43. Bxg5 1-0

[Event "*** MasterClass Titled Tuesday Blitz"]
[Site "Chess.com"]
[Date "2017.11.07"]
[Round "8"]
[White "Buffy7"]
[Black "LawrenceTrent"]
[Result "1-0"]
[WhiteElo "2493"]
[BlackElo "2367"]
[TimeControl "180+2"]
[EndTime "15:56:04 PST"]
[Termination "Buffy7 won by resignation"]

1. c4 g6 2. Nf3 Bg7 3. g3 Nf6 4. Bg2 O-O 5. O-O d6 6. Nc3 c5 7. d3 Nc6 8. a3 Bd7 9. Rb1 Qc8 10. Re1 Bh3 11. Bh1 h6 12. b4 b6 13. b5 Na5 14.
Bd2 Re8 15. e4 Ng4 16. Nd5 Nb7 17. a4 Ne5 18. Nxe5 Bxe5 19. Bxh6 Bg4 20. Bf3 Bd7 21. Bg2 e6 22. Ne3 Bd4 23. e5 Bxe5 24. Ng4 Bh8 25. Qf3 f5 26. Bd2 Rb8 27. Nh6+ Kf8 28. Qf4 Bf6 29. Ng4 Bg7 30. Bxb7 Qxb7 31. Qxd6+ Kg8 32.
Nh6+ Kh7 33. Qf4 e5 34. Qh4 g5 35. Bxg5 Kg6 36. Bd2 Qf3 37. Qg5+ Kh7 38. Nf7 Re6 39. Re3 Qb7 40. Qxf5+ Rg6 41. Ng5+ Kh6 42. Nf7+ Kh7 43. Qh5+ Bh6 44. Rxe5 Bg4 45. Qh4 Qxf7 46. Bxh6 Be6 47.
Bf4+ Kg8 48. Rh5 Qf5 1-0

[Event "*** MasterClass Titled Tuesday Blitz"]
[Site "Chess.com"]
[Date "2017.11.07"]
[Round "8"]
[White "VladDobrov"]
[Black "mikhaillushenkov"]
[Result "1-0"]
[WhiteElo "2651"]
[BlackElo "2502"]
[TimeControl "180+2"]
[EndTime "15:56:20 PST"]
[Termination "VladDobrov won by resignation"]

1. d4 Nf6 2. c4 e6 3. Nf3 c5 4. d5 exd5 5. cxd5 Bd6 6. Nc3 a6 7.
Bg5 O-O 8. e3 Re8 9. a4 Qe7 10.
Bd3 Bc7 11. O-O d6 12. Nd2 Nbd7 13. a5 h6 14. Bh4 Ne5 15. Bc2 Ng6 16. Bg3 Bg4 17. Qb1 Nf8 18. Nc4 Nh5 19. Bf5 Bxf5 20. Qxf5 Nxg3 21. hxg3 Nd7 22. Rfb1 g6 23. Qd3 h5 24. b4 cxb4 25. Rxb4 Nc5 26. Qd4 Rac8 27. Rab1 Bb8 28. Na4 Ba7 29. Nab6 Rcd8 30. Rd1 Ne4 31. Nd2 Nc5 32. Nb3 Ne4 33. Rc4 f5 34. Rdc1 Bb8 35.
Nd2 Nf6 36. Nf3 Ng4 37. Qf4 Ne5 38. Nd4 Nxc4 39. Rxc4 Qf6 40. Qf3 Re4 41. Rc2 Ba7 42. Ne6 Bxb6 43. axb6 Re8 44. Rc7 Re7 45. Qd1 R4xe6 46.
dxe6 Qxe6 47. Qf3 Qf7 48. Qxb7 1-0